 Dungeon Crawl Stone Soup version 0.31-a0-369-g8eba5f6939 (webtiles) character file.

Game seed: 17962963439614967383

51 gelatine the Chopper (level 3, -1/27 HPs)
             Began as a Demonspawn Gladiator on July 28, 2023.
             Slain by an orc
             ... wielding a +0 club
              (4 damage)
             ... on level 3 of the Dungeon.
             The game lasted 00:02:34 (1528 turns).

gelatine the Chopper (Demonspawn Gladiator)         Turns: 1528, Time: 00:02:34

Health: -1/27      AC:  3    Str: 16    XL:     3   Next: 57%
Magic:  3/3        EV:  9    Int:  9    God:
Gold:   122        SH:  0    Dex: 14    Spells: 2/2 levels left

rFire   . . .        a - +0 war axe
rCold   . . .        (no shield)
rNeg    . . .        b - +0 leather armour
rPois   .            (helmet restricted)
rElec   .            (no cloak)
rCorr   .            (no gloves)
SInv    .            (no boots)
Will    .....        (no amulet)
Stlth   +            (no ring)
HPRegen 0.24/turn    (no ring)
MPRegen 0.08/turn

%: no passive effects
@: constricted
A: antennae 1
a: no special abilities


You were on level 3 of the Dungeon.
You visited 1 branch of the dungeon, and saw 3 of its levels.

You collected 122 gold pieces.

Inventory:

Hand Weapons
 a - a +0 war axe (weapon)
Missiles
 d - 3 throwing nets (quivered)
 e - a javelin
Armour
 b - a +0 leather armour (worn)
 c - a +0 helmet
Talismans
 l - a beast talisman
Scrolls
 f - 2 scrolls of noise {unknown}
 g - 3 scrolls of identify {unknown}
 h - a scroll of poison {unknown}
 i - a scroll of fear {unknown}
 m - a scroll of butterflies {unknown}
Potions
 j - a potion of magic {unknown}
 k - a potion of attraction {unknown}


   Skills:
 + Level 2.1 Fighting
 * Level 3.6 Axes
 + Level 1.9 Throwing
 + Level 0.6 Armour
 + Level 3.0 Dodging
 + Level 0.1 Stealth


You had 2 spell levels left.
You didn't know any spells.
Your spell library contained the following spells:

 Spells                   Type           Power      Damage    Failure   Level
 Call Canine Familiar     Summ           0%         N/A       83%         3
 Portal Projectile        Hex/Tloc       0%         N/A       83%         3
 Leda's Liquefaction      Hex/Erth       0%         N/A       99%         4


Dungeon Overview and Level Annotations

Branches:
Dungeon (3/15)

Altars:


Innate Abilities, Weirdness & Mutations

You have a pair of small antennae on your head.


Message History

You closely miss the orc. You hit the orc priest. You hit the orc.
You feel sick. The orc priest closely misses you. The orc barely misses you.
The orc misses you.
A ball python comes into view.
Unknown command.
The ball python hisses angrily.
You hit the orc.
The orc is severely wounded.
You hit the orc priest. You barely miss the orc.
You feel sick. The orc hits you with a +0 club. The orc closely misses you.
Unknown command.
You hit the orc.
The orc is almost dead.
You hit the orc priest. You hit the orc. You hit the orc but do no damage.
You feel sick. The orc priest closely misses you.
The orc hits you with a +0 club. The orc hits you with a +0 mace.
* * * LOW HITPOINT WARNING * * *
The orc barely misses you. The orc priest closely misses you.
The orc closely misses you.
A kobold comes into view.
It is wielding a +0 dagger and quivering poisoned darts.
The orc barely misses you. The orc hits you with a +0 mace.
* * * LOW HITPOINT WARNING * * *
You hit the orc priest.
The orc priest is almost dead.
You slash the orc!
You kill the orc!
You hit the orc but do no damage. You hit the orc.
You kill the orc!
You feel sick.
You are no longer poisoned.
The orc priest casts a cantrip, but nothing happens.
You hit the orc priest.
You kill the orc priest!
You hit the orc.
You kill the orc!
You barely miss the ball python. You hit the orc but do no damage.
The ball python bites you but does no damage.
The ball python grabs you. The ball python constricts you.
The orc hits you with a +0 club.
You die...

+.........#####
#.............+....+
.......#.#...#....#
#.....#.#...+....+ .
####.....#.+...#....# .<
..........##...#....#...
...............+........
#..............#)S......
#.....##.......)@ow.....
#...#.##........##......
....#..#........# ##.K.
.................. .
....#.......#.#####
....#.........#
....#..........
....#.......... .##...


You could see a worm, an orc, a ball python and a kobold.

Vanquished Creatures
  An orc priest (D:3)
  An adder (D:2)
  3 orcs (D:3)
  A ball python (D:2)
  7 bats
  5 endoplasms (D:2)
  2 giant cockroaches
  2 goblins (D:1)
  3 jackals (D:1)
  A frilled lizard (D:2)
  6 kobolds
  5 rats
37 creatures vanquished.

Notes
Turn   | Place    | Note
-------+----------+-------------------------------------------
     0 | D:1      | gelatine the Demonspawn Gladiator began the quest for the
                  | Orb.
     0 | D:1      | Reached XP level 1. HP: 16/16 MP: 1/1
    60 | D:1      | Gained mutation: You have a pair of small antennae on your
                  | head. [demonic ancestry]
    60 | D:1      | Reached XP level 2. HP: 19/22 MP: 2/2
   763 | D:2      | Reached XP level 3. HP: 17/27 MP: 3/3
  1528 | D:3      | Slain by an orc

Illustrated notes

Levels and vault maps discovered:
D:1:      dpeg_arrival_stone_temple_mockup, layout_basic, st_stairs_7
D:2:      layout_basic, kennysheep_generic_room_15
D:3:      layout_basic, serial_shops, shop, grunt_ministairs_8

Skill      XL: |  1  2  3 |
---------------+----------+-----
Axes           | 3 |  3.6
Dodging        | 3 |  3.0
Fighting       | |  2.1
Throwing       | |  1.9
Armour         | |  0.6
Stealth        | |  0.1

Action                     || total
---------------------------++-------
  Melee: War axe           ||   114
         Punch             ||     1
   Stab: Sleeping          ||     3
 Armour: Leather armour    ||    51
  Dodge: Dodged            ||   118

Table legend: (Time is in decaauts)
 A = Elapsed time spent in this place.
 B = Non-inter-level travel time spent in this place.
 C = Inter-level travel time spent in this place.
 D = Time resting spent in this place.
 E = Time spent auto-exploring this place.
 F = Levels seen in this place.
 G = Mean time per level.
                   A        B        C        D        E       F      G
               +--------+--------+--------+--------+--------+-----+--------+
         Total |   1566 |   1492 |     74 |      0 |   1156 |   3 |  522.0 |
       Dungeon |   1566 |   1492 |     74 |      0 |   1156 |   3 |  522.0 |
               +--------+--------+--------+--------+--------+-----+--------+

Top non-repeatable levels by time:
     D:2: 863 daAuts
     D:1: 654 daAuts
     D:3: 49 daAuts
